 Dungeon Crawl Stone Soup version 0.31-a0-1093-gadecf41 (webtiles) character file.

Game seed: 8297239840660170787

120248 DevouringOne the Eclecticist (level 16, -4/109 HPs)
             Began as a Demonspawn Venom Mage on Nov 28, 2023.
             Was an Initiate of Gozag.
             Shot with an arrow by a naga sharpshooter (15 damage)
             ... led by Vashnia
             ... on level 4 of the Snake Pit.
             The game lasted 01:09:00 (30426 turns).

DevouringOne the Eclecticist (DsVM)                Turns: 30426, Time: 01:09:01

Health: -4/109     AC: 12    Str: 14    XL:     16   Next: 29%
Magic:  28/45      EV: 17    Int: 23    God:    Gozag
Gold:   450        SH:  4    Dex: 14    Spells: 7/47 levels left

rFire   + + .        p - staff of fire
rCold   + . .        (no shield)
rNeg    + . .        N - +0 robe of Ethics {rPois rN+ Will+ Str-2}
rPois   +            A - +0 hat of Atoniofufo {rElec}
rElec   +            u - +2 cloak of Hide-and-Seek {Rampage rC+ Stlth-}
rCorr   .            j - +0 pair of gloves
SInv    .            F - +1 pair of boots {rampage}
Will    +++..        w - amulet of magic regeneration
Stlth   ++           o - +5 ring of evasion
HPRegen 0.38/turn    I - ring "Xiro" {rPois rF+ MP+9 Str+6 Slay+3}
MPRegen 0.69/turn

%: rampage
@: mighty
A: slimy green scales 3, powered by pain 3, condensation shield, demonic
willpower, weakness stinger 2, hooves 1, sense surroundings 1, MP-powered wands
a: Renounce Religion, Potion Petition, Call Merchant, Bribe Branch


You were on level 4 of the Snake Pit.
You worshipped Gozag.
Gozag was aware of your devotion.
You visited 5 branches of the dungeon, and saw 24 of its levels.

You collected 8234 gold pieces.
You spent 3705 gold pieces at shops.
You paid 4079 gold pieces to Gozag.

Inventory:

Hand Weapons
 B - the +2 short sword of Rusugrac {protect, Str+9 Dex+5 Stlth-}
   (You found it on level 2 of the Lair of Beasts)

   Str+9:     It affects your strength (+9).
   Dex+5:     It affects your dexterity (+5).
   Stlth-:    It makes you less stealthy.
Missiles
 e - 2 curare-tipped darts
 M - 3 throwing nets
Armour
 j - a +0 pair of gloves (worn)
 s - a +2 hat of willpower
 u - the +2 cloak of Hide-and-Seek (worn) {Rampage rC+ Stlth-}
   (You bought it in a shop on level 12 of the Dungeon)

   rC+:       It protects you from cold.
   Rampage:   It bestows one free step when moving towards enemies.
   Stlth-:    It makes you less stealthy.
 A - the +0 hat of Atoniofufo (worn) {rElec}
   (You found it on level 2 of the Lair of Beasts)

   rElec:     It insulates you from electricity.
 F - a +1 pair of boots of rampaging (worn)
 N - the +0 robe of Ethics (worn) {rPois rN+ Will+ Str-2}
   (You bought it in a shop on level 12 of the Dungeon)

   Str-2:     It affects your strength (-2).
   rPois:     It protects you from poison rN+: It protects you from negative
   energy.
   Will+:     It increases your willpower.
Magical Staves
 p - a staff of fire (weapon)
Jewellery
 n - the ring of Asceticism {Str+6 Slay+6}
   (You found it on level 2 of the Orcish Mines)

   [ring of strength]

   Str+6:     It affects your strength (+6).
   Slay+6:    It affects your accuracy & damage with ranged weapons and melee
   (+6).
 o - a +5 ring of evasion (left hand)
 w - an amulet of magic regeneration (around neck)
 I - the ring "Xiro" (right hand) {rPois rF+ MP+9 Str+6 Slay+3}
   (You bought it in a shop on level 4 of the Lair of Beasts)

   [ring of strength]

   Str+6:     It affects your strength (+6).
   Slay+3:    It affects your accuracy & damage with ranged weapons and melee
   (+3).
   rF+:       It protects you from fire.
   rPois:     It protects you from poison MP+9: It affects your magic capacity
   (+9).
 J - a ring of flight
Wands
 h - a wand of paralysis (29)
 k - a wand of acid (11)
 q - a wand of flame (20)
 P - a wand of iceblast (2)
Scrolls
 a - 3 scrolls of vulnerability
 c - 2 scrolls of blinking
 l - 2 scrolls of fog
 t - 3 scrolls of teleportation
 v - 3 scrolls of identify
 x - 2 scrolls of immolation
 y - a scroll of torment
 z - 3 scrolls of enchant armour
 E - a scroll of silence
 H - a scroll of poison
 K - 2 scrolls of noise
 L - a scroll of amnesia
 O - a scroll of fear
Potions
 b - 6 potions of attraction
 d - 2 potions of might
 f - 4 potions of curing
 g - 4 potions of heal wounds
 i - 6 potions of mutation
 m - 3 potions of brilliance
 r - 3 potions of lignification
 C - 2 potions of berserk rage
 D - 2 potions of haste
 G - 2 potions of enlightenment
 Q - a potion of ambrosia


   Skills:
 - Level 5.0 Fighting
 - Level 1.7 Dodging
 - Level 4.0 Stealth
 - Level 16.1 Spellcasting
 - Level 16.0 Conjurations
 - Level 3.0 Hexes
 - Level 4.3 Summonings
 - Level 0.8 Transmutations
 - Level 5.0 Fire Magic
 + Level 9.2 Air Magic
 - Level 9.6 Earth Magic
 - Level 7.0 Poison Magic


You had 7 spell levels left.
You knew the following spells:

 Your Spells              Type           Power      Damage    Failure   Level
a - Sting                 Tmut/Pois      100%       1d8       1%          1
b - Poisonous Vapours     Pois/Air       100%       N/A       1%          2
c - Olgreb's Toxic Radia  Pois           50%        N/A       1%          4
d - Swiftness             Air            57%        N/A       1%          3
e - Flame Wave            Conj/Fire      79%        2d17      1%          4
f - Summon Guardian Gole  Hex/Summ       35%        N/A       1%          3
g - Iskenderun's Mystic   Conj/Tloc      53%        2d11      1%          4
h - Bombard               Conj/Erth      33%        9d6       2%          6
i - Summon Mana Viper     Hex/Summ       35%        N/A       19%         5
j - Airstrike             Air            28%        2d(5-21)  1%          4
k - Cause Fear            Hex            16%        N/A       9%          4

Your spell library contained the following spells:

 Spells                   Type           Power      Damage    Failure   Level
 Shock                    Conj/Air       100%       1d9       0%          1
 Summon Small Mammal      Summ           100%       N/A       1%          1
 Passwall                 Tmut/Erth      35%        N/A       1%          2
 Call Canine Familiar     Summ           38%        N/A       1%          3
 Inner Flame              Hex/Fire       53%        N/A       1%          3
 Mephitic Cloud           Conj/Pois/Air  62%        N/A       1%          3
 Fulminant Prism          Conj/Hex       29%        3d14      1%          4
 Sticky Flame             Conj/Fire      79%        2d9       1%          4
 Lee's Rapid Deconstruct  Erth           29%        3d15*     1%          5
 Ensorcelled Hibernation  Hex/Ice        50%        N/A       2%          2
 Leda's Liquefaction      Hex/Erth       23%        N/A       2%          4
 Volatile Blastmotes      Fire/Tloc      90%        2d17      3%          3
 Lesser Beckoning         Tloc           36%        N/A       4%          2
 Gell's Gravitas          Tloc           18%        N/A       9%          3
 Ozocubu's Armour         Ice            18%        N/A       9%          3
 Teleport Other           Tloc           18%        N/A       9%          3
 Anguish                  Hex/Necr       12%        N/A       16%         4
 Summon Forest            Summ/Tloc      14%        N/A       34%         5
 Metabolic Englaciation   Hex/Ice        12%        N/A       41%         5
 Summon Cactus Giant      Summ           19%        N/A       61%         6
 Enfeeble                 Hex            16%        N/A       100%        7
 Simulacrum               Ice/Necr       Unusable   N/A       N/A         6

Dungeon Overview and Level Annotations

Branches:
Dungeon (12/15)            Temple (1/1) D:5            Lair (5/5) D:9
 Shoals (0/4) Lair:3        Snake (4/4) Lair:2        Slime (0/5) Lair:4
    Orc (2/2) D:9             Elf (0/3) Orc:2

Altars:
Ashenzari
Cheibriados
Dithmenos
Fedhas
Gozag
Hepliaklqana
Kikubaaqudgha
Makhleb
Nemelex Xobeh
Okawaru
Qazlal
Ru
Sif Muna
Trog
Uskayaw
Vehumet
Wu Jian
Xom
Yredelemnul
Jiyva

Shops:
D:6 *   D:10 ?   D:12 [([   Orc:1 ?   Orc:2 [**[!   Lair:4 =   Snake:4 [

Portals:
Abyss: Orc:2

Annotations:
D:9 2 runed translucent doors
Lair:5 2 transporters, exclusion: oklob plant, oops's ghost, journeyman FeSh
Snake:4 Vashnia


Innate Abilities, Weirdness & Mutations

You are completely covered in slimy green scales. (AC +4, rPois)
You are powered by pain.
A meltable shield of frost defends you. (SH +4)
You punish those that try to bend your will. (Will+)
You have a tail ending in a sharp stinger.
You have large cloven feet.
You passively map a small area around you.
You expend magic power (3 MP) to strengthen your wands.


Message History

There is a stone staircase leading up, spattered with blood here.
Aiming: Iceblast
Press: ? - help, Shift-Dir - straight line, p - Vashnia The mass of ice explodes!
The iceblast engulfs Vashnia.
Vashnia partially resists.
Vashnia is almost dead.
You hear a shout!
Vashnia shoots a bolt.
The bolt hits you!!
You focus on the pain.
You feel very mighty all of a sudden.
Aiming: Iceblast
Press: ? - help, Shift-Dir - straight line The mass of ice explodes!
The iceblast engulfs Vashnia.
Vashnia partially resists.
Vashnia is almost dead.
You hear an angry hiss.
Space seems to twist oddly around Vashnia.
Vashnia shoots a bolt.
The bolt hits you!!
You focus on the pain.
You feel your power returning.
You feel much better. Vashnia spits poison at you.
You block the splash of poison.
Casting: Bombard (dangerous; 2% risk of failure)
Confirm with . or Enter, or press ? or * to list all spells.
Okay, then.
Casting: Bombard (dangerous; 2% risk of failure)
Confirm with . or Enter, or press ? or * to list all spells.
Aiming: Airstrike (mildly dangerous; 1% risk of failure)
Press: ? - help, Dir - move target, f - Vashnia
Aim: Vashnia, wielding a +0 arbalest and wearing a +0 barding of cold resistance (almost dead, catching her breath, empty space bonus: 5/8)
The air twists around and strikes Vashnia!
Vashnia is almost dead.
Vashnia shoots a bolt.
The bolt hits you!!!
* * * LOW HITPOINT WARNING * * *
Blink to where?
Press: ? - help, Q - select action, (/) - cycle Dir - move target, p - Vashnia
As you read the scroll of blinking, it crumbles to dust.
The naga sharpshooter shouts!
You hear a shout!
The naga sharpshooter shoots an arrow.
The arrow hits you!
You die...
Your body crumbles into a pile of gold.

########..# ####...###...
##N## ###N...... ##..##
#### #.#.#..## ##N...#
##..###)#...$..# #.....##
#.ยง.$$...$..#.N# #......#
#..$$.....#.#...
#..##.N#####.......N##.##..
#..###...#.$.#####.###.##..
#..# ##...@### ### #####.
##.## ###### ### ##.###
#######.# ##..###
##........ ##...#
#......... ##..###
##..#######
#....#######..## #
##..........)..# #
#.............## ###


You could see a naga sharpshooter.

Vanquished Creatures
  Gastronok (D:9)
  Aizul (Snake:3)
  3 nagarajas (Snake:4)
  An orc warlord (Orc:2)
  A very ugly thing (Orc:2)
  Josephine (D:11)
  The ghost of wqsa789 the Fighter, a journeyman GrFi of Gozag (Orc:2)
  A salamander tyrant (Snake:4)
  3 hydras
  4 catoblepae (Lair:5)
  Harold (D:11)
  Erica (D:8)
  An alligator (Snake:2)
  5 anacondas
  13 death yaks
  4 naga warriors
  4 two-headed ogres
  2 boulder beetles
  3 orc high priests (Orc:2)
  A thrashing horror (Orc:2)
  5 naga sharpshooters (Snake:4)
  3 shock serpents
  3 skysharks
  2 fire crabs (Lair:2)
  3 salamander mystics
  6 naga ritualists
  4 deep elf pyromancers
  A swamp dragon (Snake:2)
  5 deep elf zephyrmancers (Orc:1)
  7 orc knights
  6 mana vipers
  5 salamanders
  6 orc sorcerers
  An ugly thing (Orc:2)
  A moth of wrath (Orc:1)
  5 manticores
  A merfolk siren (Lair:3)
  3 guardian serpents
  An apocalypse crab (Orc:2)
  2 torpor snails (Lair:4)
  28 black mambas
  An elephant (D:9)
  7 naga magi
  12 cane toads
  A kobold demonologist (D:10)
  6 kobold blastminers
  A nameless horror (Snake:2)
  An unseen horror (D:10)
  12 komodo dragons
  4 rime drakes
  An ancient zyme (Orc:2)
  3 red devils (Orc:2)
  3 hornets
  2 raiju (Orc:2)
  23 blink frogs
  5 wyverns
  7 basilisks
  A shadow (D:10)
  2 fire bats (Lair:2)
  5 wraiths
  77 yaks
  4 vampire mosquitoes
  2 steam dragons (D:7)
  24 nagas
  Menkaure (D:6)
  6 wargs
  A hell hound (Lair:2)
  23 water moccasins
  6 ice beasts
  3 black bears
  11 orc warriors
  A sky beast (D:8)
  14 wolves
  2 centaurs
  7 ogres
  A phantom (D:7)
  3 kobold brigands
  14 bullfrogs
  4 scorpions
  13 killer bees
  4 jellies
  5 howler monkeys
  5 electric eels
  2 hounds (D:7)
  13 orc priests
  A sleepcap (D:7)
  Jessica (D:2)
  A gnoll bouda (D:5)
  21 orc wizards
  An iguana (D:4)
  6 hell rats (Lair:3)
  Robin (D:4)
  11 adders
  11 gnolls (D:5)
  A shadow imp (D:6)
  A white imp (D:6)
  2 dart slugs
  79 orcs
  6 endoplasms
  2 giant cockroaches
  16 goblins
  12 hobgoblins
  10 jackals
  3 quokkas
  7 ball pythons
  3 frilled lizards
  22 kobolds
  5 rats
716 creatures vanquished.

Vanquished Creatures (collateral kills)
  A warg (Orc:1)
1 creature vanquished.

Vanquished Creatures (others)
  The ghost of Uthrab the Thaumaturge, an adept HuEE of Vehumet (Orc:1)
  A deep elf pyromancer (Orc:1)
  A deep elf zephyrmancer (Orc:1)
  A warg (Orc:1)
  An orc priest (Orc:1)
5 creatures vanquished.

Grand Total: 722 creatures vanquished

Notes
Turn   | Place    | Note
-------+----------+-------------------------------------------
     0 | D:1      | DevouringOne the Demonspawn Venom Mage began the quest for
                  | the Orb.
     0 | D:1      | Reached XP level 1. HP: 13/13 MP: 3/3
   230 | D:1      | Reached skill level 1 in Fighting
   363 | D:1      | Gained mutation: You are partially covered in slimy green
                  | scales. (AC +2) [demonic ancestry]
   363 | D:1      | Reached XP level 2. HP: 15/21 MP: 0/5
  1025 | D:2      | Gained mutation: You have a small tail. [demonic ancestry]
  1025 | D:2      | Reached XP level 3. HP: 21/26 MP: 1/6
  1190 | D:2      | Noticed Jessica
  1209 | D:2      | Learned a level 2 spell: Poisonous Vapours
  1223 | D:2      | Killed Jessica
  1320 | D:2      | Reached XP level 4. HP: 32/32 MP: 4/8
  1791 | D:2      | Learned a level 4 spell: Olgreb's Toxic Radiance
  2015 | D:3      | Found a radiant altar of Vehumet.
  2605 | D:3      | Reached XP level 5. HP: 33/37 MP: 1/10
  3085 | D:4      | Noticed a black bear
  3094 | D:4      | Killed a black bear
  3095 | D:4      | Reached skill level 5 in Poison Magic
  3217 | D:4      | Gained mutation: You are mostly covered in slimy green
                  | scales. (AC +3) [demonic ancestry]
  3217 | D:4      | Reached XP level 6. HP: 14/43 MP: 5/12
  3742 | D:4      | Noticed an orc warrior
  3761 | D:4      | Killed an orc warrior
  3762 | D:4      | Reached skill level 5 in Spellcasting
  3855 | D:4      | Gained mutation: You are completely covered in slimy green
                  | scales. (AC +4, rPois) [demonic ancestry]
  3855 | D:4      | Reached XP level 7. HP: 48/48 MP: 2/14
  4027 | D:4      | Noticed Robin
  4039 | D:4      | Killed Robin
  4427 | D:5      | Entered Level 5 of the Dungeon
  4602 | D:5      | Identified a scroll of acquirement
  4603 | D:5      | Acquired a +2 hat of willpower
  4900 | D:5      | You fall into a shaft and drop 2 floors!
  4901 | D:7      | Noticed a torpor snail
  4907 | D:7      | Noticed a manticore
  5014 | D:8      | Noticed Erica
  5133 | D:8      | Found a broken altar of Ashenzari.
  5159 | D:8      | Gained mutation: You sometimes gain a little power by
                  | taking damage. [demonic ancestry]
  5159 | D:8      | Reached XP level 8. HP: 45/54 MP: 10/17
  5235 | D:8      | Killed Erica
  5518 | D:7      | Gained mutation: A meltable shield of frost defends you.
                  | (SH +4) [demonic ancestry]
  5518 | D:7      | Reached XP level 9. HP: 54/59 MP: 9/22
  5532 | D:7      | Killed a manticore
  5533 | D:7      | Reached skill level 10 in Spellcasting
  5746 | D:7      | Found a hazy altar of Hepliaklqana.
  6196 | D:5      | Found a staircase to the Ecumenical Temple.
  6206 | Temple   | Entered the Ecumenical Temple
  6226 | Temple   | Became a worshipper of Gozag Ym Sagoz the Greedy
  6546 | D:6      | Noticed Menkaure
  6647 | D:6      | Killed Menkaure
  6700 | D:6      | Found Xeinogot's General Store.
  6721 | D:6      | Bought 2 potions of brilliance for 104 gold pieces
  6721 | D:6      | Bought a scroll of butterflies for 52 gold pieces
  7062 | D:6      | Found a sparkling altar of Nemelex Xobeh.
  7390 | D:6      | Learned a level 2 spell: Ensorcelled Hibernation
  7864 | D:7      | Noticed a torpor snail
  7864 | D:7      | Noticed a torpor snail
  7865 | D:7      | Found a snail-covered altar of Cheibriados.
  7889 | D:7      | Reached XP level 10. HP: 64/65 MP: 20/26
  8171 | D:7      | Found an iron altar of Okawaru.
  8308 | D:8      | Learned a level 4 spell: Flame Wave
  8523 | D:8      | Found a burning altar of Makhleb.
  8526 | D:8      | Found a shadowy altar of Dithmenos.
  8541 | D:8      | Reached skill level 1 in Conjurations
  8541 | D:8      | Reached skill level 1 in Fire Magic
  8757 | D:8      | Noticed a two-headed ogre
  8978 | D:8      | Killed a two-headed ogre
  9143 | D:8      | Found a sacrificial altar of Ru.
  9309 | D:8      | Found an ancient bone altar of Kikubaaqudgha.
  9459 | D:9      | Noticed an elephant
  9459 | D:9      | Found a staircase to the Lair.
  9532 | D:9      | Killed an elephant
  9654 | D:9      | Reached skill level 5 in Conjurations
  9900 | D:9      | Found an ornate altar of the Wu Jian Council.
  9925 | D:9      | Noticed a deep elf pyromancer
  9945 | D:9      | Killed a deep elf pyromancer
  9946 | D:9      | Reached skill level 5 in Fire Magic
 10091 | D:9      | Noticed a cyclops
 10098 | D:9      | Found a blossoming altar of Fedhas.
 10132 | D:9      | Found a large runed translucent door.
 10132 | D:9      | Found a large runed translucent door.
 10138 | D:9      | Noticed a naga warrior
 10142 | D:9      | Noticed a two-headed ogre
 10224 | D:9      | Noticed an orc knight
 10226 | D:9      | Noticed an orc knight
 10231 | D:9      | Gained mutation: You sometimes gain power by taking damage.
                  | [demonic ancestry]
 10231 | D:9      | Reached XP level 11. HP: 68/70 MP: 10/27
 10244 | D:9      | Killed an orc knight
 10248 | D:9      | Killed an orc knight
 10497 | D:9      | Found an iron altar of Okawaru.
 10497 | D:9      | Found an iron altar of Okawaru.
 10627 | D:9      | Found a staircase to the Orcish Mines.
 10639 | D:9      | Noticed Gastronok
 10869 | D:9      | Killed Gastronok
 11238 | D:10     | Entered Level 10 of the Dungeon
 11292 | D:10     | Noticed a two-headed ogre
 11296 | D:10     | Reached skill level 10 in Conjurations
 11304 | D:10     | Killed a two-headed ogre
 11412 | D:10     | Bought a scroll of identify for 24 gold pieces
 11412 | D:10     | Bought a scroll of identify for 24 gold pieces
 11412 | D:10     | Bought a scroll of teleportation for 36 gold pieces
 12012 | Orc:1    | Entered Level 1 of the Orcish Mines
 12028 | Orc:1    | Learned a level 3 spell: Swiftness
 12032 | Orc:1    | Learned a level 3 spell: Summon Guardian Golem
 12197 | Orc:2    | Entered Level 2 of the Orcish Mines
 12213 | Orc:2    | Found Mafid's Distillery.
 12238 | Orc:1    | Noticed an orc sorcerer
 12239 | Orc:1    | Reached skill level 1 in Air Magic
 12240 | Orc:1    | Gained mutation: You are occasionally teleported next to
                  | monsters. [a neqoxec]
 12245 | Orc:1    | Killed an orc sorcerer
 12268 | Orc:1    | Noticed a deep elf zephyrmancer
 12268 | Orc:1    | Noticed a deep elf zephyrmancer
 12268 | Orc:1    | Noticed a deep elf pyromancer
 12268 | Orc:1    | HP: 1/70 [deep elf zephyrmancer/bolt of lightning (19)]
 12268 | Orc:1    | Noticed a deep elf zephyrmancer
 12337 | Orc:1    | Noticed a deep elf pyromancer
 12337 | Orc:1    | Noticed an orc knight
 12340 | Orc:1    | Noticed a deep elf pyromancer
 12340 | Orc:1    | Noticed a deep elf pyromancer
 12340 | Orc:1    | Noticed a deep elf zephyrmancer
 12340 | Orc:1    | Noticed a deep elf zephyrmancer
 12375 | Orc:1    | Lost mutation: You are occasionally teleported next to
                  | monsters. [potion of mutation]
 12375 | Orc:1    | Gained mutation: You have large cloven feet. [potion of
                  | mutation]
 12375 | Orc:1    | Gained mutation: You passively map a small area around you.
                  | [potion of mutation]
 12375 | Orc:1    | Gained mutation: You expend magic power (3 MP) to
                  | strengthen your wands. [potion of mutation]
 12502 | Orc:1    | Killed a deep elf zephyrmancer
 12503 | Orc:1    | Reached skill level 1 in Hexes
 12503 | Orc:1    | Gained mutation: You have a tail ending in a sharp stinger.
                  | [demonic ancestry]
 12503 | Orc:1    | Reached XP level 12. HP: 44/76 MP: 19/28
 12530 | Orc:1    | Reached skill level 1 in Summonings
 13299 | Orc:1    | Found a transporter.
 13336 | Orc:1    | Noticed Uthrab's ghost (adept HuEE)
 13394 | Orc:1    | Found a transporter.
 13563 | Orc:1    | Bought a scroll of teleportation for 36 gold pieces
 13563 | Orc:1    | Bought a scroll of blinking for 90 gold pieces
 13563 | Orc:1    | Bought a scroll of immolation for 48 gold pieces
 13563 | Orc:1    | Bought a scroll of blinking for 90 gold pieces
 13563 | Orc:1    | Bought a scroll of teleportation for 36 gold pieces
 13563 | Orc:1    | Bought a scroll of identify for 24 gold pieces
 13858 | Orc:2    | Reached skill level 5 in Fighting
 13923 | Orc:2    | Found a staircase to the Elven Halls.
 13988 | Orc:2    | Noticed an orc high priest
 14031 | Orc:2    | Killed an orc high priest
 14439 | Orc:2    | Bought a potion of haste for 150 gold pieces
 14439 | Orc:2    | Bought a potion of haste for 150 gold pieces
 14439 | Orc:2    | Bought a potion of heal wounds for 75 gold pieces
 14439 | Orc:2    | Bought a potion of lignification for 45 gold pieces
 14439 | Orc:2    | Bought a potion of heal wounds for 75 gold pieces
 14439 | Orc:2    | Bought a potion of lignification for 45 gold pieces
 14611 | Orc:2    | Noticed an orc high priest
 14617 | Orc:2    | Noticed an orc high priest
 14624 | Orc:2    | Killed an orc high priest
 14632 | Orc:2    | Killed an orc high priest
 14820 | Orc:2    | Reached XP level 13. HP: 59/91 MP: 23/29
 15071 | Orc:2    | Found Muquosom's Armour Boutique.
 15071 | Orc:2    | Found Lugan's Assorted Antiques.
 15108 | Orc:2    | Found Xagg's General Store.
 15115 | Orc:2    | Found Pakid's Antique Armour Emporium.
 15126 | Orc:2    | Bought an embroidered robe for 129 gold pieces
 15128 | Orc:2    | Bought a pair of dazzling boots for 323 gold pieces
 15128 | Orc:2    | Identified the -2 pair of boots "Suryuch" {+Inv} (You
                  | bought it in a shop on level 2 of the Orcish Mines)
 15137 | Orc:2    | Bought a scroll of identify for 34 gold pieces
 15190 | Orc:2    | Noticed an orc warlord
 15192 | Orc:2    | Noticed a cyan very ugly thing
 15201 | Orc:2    | Found a transporter.
 15209 | Orc:2    | Noticed wqsa789's ghost (journeyman GrFi)
 15611 | Orc:2    | Found a one-way gate to the infinite horrors of the Abyss.
 15612 | Orc:2    | Found a transporter.
 15660 | Lair:1   | Entered Level 1 of the Lair of Beasts
 16632 | Lair:2   | Found the +16 obsidian axe {drain, demonic, Mesm Drain Fly
                  | SInv}
 16661 | Lair:2   | Reached skill level 15 in Conjurations
 16911 | Lair:2   | Found a staircase to the Snake Pit.
 17164 | Lair:2   | Found a transporter.
 17453 | Lair:2   | Found a transporter.
 17529 | Lair:2   | Identified the +0 hat of Atoniofufo {rElec}
 17531 | Lair:2   | Identified the +2 short sword of Rusugrac {protect, Str+9
                  | Dex+5 Stlth-}
 18156 | Lair:3   | Learned a level 4 spell: Iskenderun's Mystic Blast
 18210 | Lair:3   | Found a staircase to the Shoals.
 19540 | Lair:4   | Gained mutation: You punish those that try to bend your
                  | will. (Will+) [demonic ancestry]
 19540 | Lair:4   | Reached XP level 14. HP: 74/98 MP: 18/31
 19877 | Lair:4   | Found a viscous altar of Jiyva.
 19878 | Lair:4   | Found a staircase to the Slime Pits.
 20302 | Lair:5   | Entered Level 5 of the Lair of Beasts
 20509 | Lair:5   | Found a transporter.
 20902 | Lair:4   | Bought the ring "Xiro" {rPois rF+ MP+9 Str+6 Slay+3} for
                  | 1199 gold pieces
 21050 | Lair:5   | Noticed oops's ghost (journeyman FeSh)
 21471 | Lair:5   | Reached skill level 15 in Spellcasting
 21614 | Lair:5   | Found a transporter.
 22341 | Lair:5   | Learned a level 6 spell: Bombard
 22380 | Lair:5   | Reached skill level 1 in Earth Magic
 23168 | D:11     | Gained mutation: You are powered by pain. [demonic
                  | ancestry]
 23168 | D:11     | Reached XP level 15. HP: 103/103 MP: 1/35
 23318 | D:11     | Noticed Josephine
 23325 | D:11     | Killed Josephine
 23432 | D:11     | Noticed Harold
 23436 | D:11     | Killed Harold
 24395 | Orc:2    | Reached skill level 5 in Earth Magic
 24550 | Orc:2    | Found a bloodstained altar of Trog.
 24630 | Orc:2    | Killed wqsa789's ghost
 24781 | Orc:2    | Identified the +1 scale mail of Annud {Fly rElec Int+2
                  | Dex+4}
 24788 | Orc:2    | Identified the ring of Asceticism {Str+6 Slay+6}
 24891 | Orc:1    | Learned a level 5 spell: Summon Mana Viper
 24913 | Orc:1    | Identified the amulet of the Blue Skies {Faith Harm rC+
                  | Regen+}
 25149 | Orc:1    | Killed Uthrab's ghost
 25496 | D:12     | Found Adachafu's Weapon Emporium.
 25496 | D:12     | Found Byth's Antique Armour Shop.
 25497 | D:12     | Found Gerodiu's Armour Emporium.
 25512 | D:12     | Bought the +2 cloak of Hide-and-Seek {Rampage rC+ Stlth-}
                  | for 433 gold pieces
 25524 | D:12     | Bought the +0 robe of Ethics {rPois rN+ Will+ Str-2} for
                  | 280 gold pieces
 25544 | D:12     | Bought a bloodstained leather armour for 203 gold pieces
 25544 | D:12     | Identified the +2 leather armour of Copty {Dex+2} (You
                  | bought it in a shop on level 12 of the Dungeon)
 25666 | Snake:1  | Entered Level 1 of the Snake Pit
 27112 | Snake:2  | Found a hazy altar of Hepliaklqana.
 27698 | Snake:3  | Learned a level 4 spell: Airstrike
 28135 | Snake:3  | Learned a level 4 spell: Cause Fear
 28138 | Snake:3  | Reached skill level 5 in Air Magic
 28489 | Snake:3  | Identified the serpent talisman of Feroh {rPois Will+
                  | Dex-5}
 28489 | Snake:3  | Noticed Aizul
 28510 | Snake:3  | Killed Aizul
 29009 | Snake:4  | Entered Level 4 of the Snake Pit
 29025 | Snake:4  | Reached XP level 16. HP: 93/109 MP: 27/36
 29635 | Snake:4  | Noticed Vashnia
 30426 | Snake:4  | Shot with an arrow by a naga sharpshooter

Illustrated notes

Levels and vault maps discovered:
D:1:      dpeg_arrival_concentric_ovals, layout_basic, amcnicky_mini_pool_small
D:2:      layout_loops_ring, uniq_jessica
D:3:      layout_basic, mainiacjoe_overflow_brackets, kennysheep_generic_room_4
D:4:      layout_basic, uniq_robin
D:5:      layout_gridville, minmay_temple_entry_poolview
D:6:      layout_gridville, nemelex_diamond_rough_becter, serial_shops,
          nicolae_shop_window_shopping, uniq_menkaure
D:7:      layout_gridville, cheibriados_altar_2, nzn_hepliaklqana_mist_gate,
          okawaru_altar_gauntlet_db, ebering_dispersal_statue_hall
D:8:      layout_basic, old_standard_altar, ashenzari_altar_1,
          nicolae_kikubaaqudgha_miasma_corner,
          mainiacjoe_overflow_cross_hatched, nicolae_overflow_squiral,
          grunt_tough_drop, uniq_erica
D:9:      okawaru_arena_lexackson, layout_irregular_city,
          nzn_wu_jian_contemplation, kennysheep_little_box, david_lair_generic,
          hiddenorc2_lemuel, lightli_church_of_beogh, uniq_gastronok
D:10:     layout_roguey, serial_glass, glass_columns_c, glass_columns_c,
          glass_columns_b, glass_columns_b, nrook_uturn
D:11:     layout_layer_cave, kennysheep_generic_room_11, uniq_harold,
          uniq_josephine
D:12:     layout_cave_pools, serial_shops, nicolae_shop_overgrown_old_shop,
          shop, shop, nicolae_shop_tiny_statue_garden
Temple:   compressed_dpeg_triangle_lava_temple
Lair:1:   layout_regular_city
Lair:2:   gammafunk_cloud_chamber, layout_regular_city,
          minmay_snake_entry_six_corridors, serial_bayou_shore_a,
          infiniplex_staircase_pool, grunt_megastairs_5, serial_bayou_shore_b
Lair:3:   layout_misc_corridors, minmay_shoals_entry_lonely_mermaid
Lair:4:   layout_layer_cave, slime_entry_1, minmay_shattered_shrine
Lair:5:   evilmike_catoblepas_cave, layout_regular_city, nzn_ghost_randoct,
          pdpol_lair_cavern_descent
Snake:1:  layout_onion_interference, grunt_ministairs_1,
          nicolae_triple_integral, lemuel_fruit_tree
Snake:2:  onia_ninara_swampy_vault, layout_basic, basic_altar
Snake:3:  layout_misc_corridors, grunt_ministairs_7, drop_trap, uniq_aizul
Snake:4:  snake_pit, layout_layer_cave, grunt_megastairs_1, uniq_vashnia
Orc:1:    layout_caves, gammafunk_ghost_berserking_beasts, elves_outpost_lemuel
Orc:2:    st_orc_elflike, layout_caves, serial_shops,
          nicolae_shop_advertising_works [nicolae_subvault_shop_adworks],
          gammafunk_ghost_abyssal_escape, basic_altar,
          einodemon_armed_red_devil_minivault

Skill      XL: |  1  2  3  4  5  6  7  8  9 10 11 12 13 14 15 16 |
---------------+-------------------------------------------------+-----
Fighting       | 1 5 |  5.0
Spellcasting   | 3 4 5 6 9 12 13 16 | 16.1
Poison Magic   | 4 5 6 7 |  7.0
Conjurations   | 6 11 13 16 | 16.0
Fire Magic     | 5 |  5.0
Air Magic      | 3 6 9 |  9.2
Hexes          | 1 3 |  3.0
Summonings     | 4 |  4.3
Stealth        | 4 |  4.0
Earth Magic    | 3 9 |  9.6
Dodging        | |  1.7
Transmutations | |  0.8

Action                     |  1- 3 |  4- 6 |  7- 9 | 10-12 | 13-15 | 16-18 || total
---------------------------+-------+-------+-------+-------+-------+-------++-------
  Melee: Hand axe          |    11 |       |       |       |       |       ||    11
         Spear             |     4 |    47 |    31 |       |       |       ||    82
         Tailslap          |       |     6 |    10 |     8 |     7 |     1 ||    32
         Punch             |       |     1 |     1 |     1 |       |       ||     3
         Short sword       |       |       |     1 |       |       |       ||     1
         Scimitar          |       |       |    34 |    43 |       |       ||    77
         Staff             |       |       |       |    10 |    41 |     2 ||    53
         Kick              |       |       |       |       |     1 |       ||     1
   Cast: Sting             |    39 |    63 |    99 |    46 |    78 |       ||   325
         Poisonous Vapours |     2 |    17 |     1 |       |       |       ||    20
         Olgreb's Toxic Ra |       |    10 |    51 |   246 |   229 |     1 ||   537
         Ensorcelled Hiber |       |       |     1 |       |       |       ||     1
         Flame Wave        |       |       |       |    22 |    69 |     1 ||    92
         Summon Guardian G |       |       |       |    12 |     7 |       ||    19
         Swiftness         |       |       |       |     1 |       |       ||     1
         Iskenderun's Myst |       |       |       |       |    62 |       ||    62
         Bombard           |       |       |       |       |   235 |    79 ||   314
         Summon Mana Viper |       |       |       |       |     4 |     1 ||     5
         Airstrike         |       |       |       |       |       |     9 ||     9
 Invoke: Call Merchant     |       |       |       |     2 |     2 |       ||     4
         Potion Petition   |       |       |       |       |     1 |       ||     1
  Evoke: Wand              |       |       |    17 |     5 |    15 |     3 ||    40
    Use: Scroll            |       |     7 |    12 |    19 |    10 |     2 ||    50
         Potion            |       |     1 |       |    11 |     9 |     1 ||    22
   Stab: Paralysed         |       |       |     8 |       |       |       ||     8
         Distracted        |       |       |       |     1 |     1 |       ||     2
         Invisible         |       |       |       |     2 |       |       ||     2
 Armour: Robe              |    19 |    59 |   103 |     9 |    64 |    33 ||   287
         Leather armour    |       |       |       |   163 |   210 |       ||   373
  Dodge: Dodged            |    24 |    60 |    54 |   102 |   274 |    18 ||   532
  Block: Other             |       |       |     3 |    21 |    49 |    11 ||    84

Table legend: (Time is in decaauts)
 A = Elapsed time spent in this place.
 B = Non-inter-level travel time spent in this place.
 C = Inter-level travel time spent in this place.
 D = Time resting spent in this place.
 E = Time spent auto-exploring this place.
 F = Levels seen in this place.
 G = Mean time per level.
                   A        B        C        D        E       F      G
               +--------+--------+--------+--------+--------+-----+--------+
         Total |  30514 |  27487 |   3027 |   3097 |  19496 |  24 | 1271.4 |
       Dungeon |  13461 |  12103 |   1358 |    904 |   9086 |  12 | 1121.8 |
        Temple |     35 |      2 |     33 |      0 |      0 |   1 |   35.0 |
          Lair |   7558 |   7084 |    474 |    564 |   5332 |   5 | 1511.6 |
     Snake Pit |   4772 |   4541 |    231 |    572 |   3258 |   4 | 1193.0 |
  Orcish Mines |   4686 |   3756 |    930 |   1057 |   1819 |   2 | 2343.0 |
               +--------+--------+--------+--------+--------+-----+--------+

Top non-repeatable levels by time:
   Orc:1: 2543 daAuts
  Lair:4: 2419 daAuts
   Orc:2: 2142 daAuts
  Lair:5: 2142 daAuts
     D:9: 1955 daAuts
 Snake:3: 1769 daAuts
     D:8: 1644 daAuts
  Lair:2: 1343 daAuts
     D:6: 1328 daAuts
     D:3: 1266 daAuts
 Snake:1: 1246 daAuts
     D:5: 1213 daAuts
    D:11: 1187 daAuts
     D:4: 1178 daAuts
 Snake:4: 1028 daAuts
